 Dungeon Crawl Stone Soup version 0.21.0-24-g2553a33 (webtiles) character file.

671942 Kurtz the Slayer (level 27, -7/213 HPs)
             Began as an Octopode Abyssal Knight on Jan 20, 2018.
             Was the Champion of Lugonu.
             Mangled by a death cob (12 damage)
             ... on level 1 of the Realm of Zot.
             The game lasted 05:40:12 (94155 turns).

Kurtz the Slayer (Octopode Abyssal Knight)         Turns: 94155, Time: 05:40:12

Health: -7/213     AC: 18    Str: 24    XL:     27
Magic:  20/41      EV: 33    Int: 14    God:    Lugonu [******]
Gold:   3001       SH: 20    Dex: 16    Spells: 11/55 levels left

rFire    + + .     SeeInvis +   q - +9 demon trident (freeze)
rCold    + + +     Gourm    .   A - +5 shield {reflect}
rNeg     + . .     Faith    .   t - +2 hat
rPois    +         Spirit   .   o - amulet "Woujely" {Harm *Drain rC++ Str+4 Slay+4}
rElec    +         Reflect  +   R - ring of Keggim {rPois rC+ rN+ Str+4 Dex-3}
rCorr    .         Harm     +   B - +5 ring of protection
MR       +++++                  K - +4 ring of protection
Stlth    +++++++++.             a - ring "Luheipum" {rElec rPois SInv Stlth+}
HPRegen  0.45/turn              w - ring "Haecwa" {+Blink rPois MR+++ Dex+2}
MPRegen  0.27/turn              Y - ring of Qoeresic {rF+ AC+5 Dex+3}
                                p - +5 ring of evasion
                                C - ring "Keam" {rElec rF+ MR+ Slay+3}

@: infused (expiring), berserk cooldown, slowed, very slow
A: almost no armour, stealthy swim, amphibious, 8 rings, constrict 8, rugged
brown scales 1, camouflage 1, clumsy 1, cold resistance 1, dopey 2, poison
resistance, gelatinous body 1, evolution 1, MP-powered wands
}: 4/15 runes: barnacled, silver, abyssal, gossamer
a: Depart the Abyss, Bend Space, Banish, Corrupt, Enter the Abyss, Brand Weapon
With Distortion, Renounce Religion, Evoke Blink


You were on level 1 of the Realm of Zot.
You worshipped Lugonu.
Lugonu was exalted by your worship.
You were very full.

You visited 12 branches of the dungeon, and saw 53 of its levels.
You visited the Abyss 3 times.
You also visited: Labyrinth, Sewer and Volcano.

You collected 7801 gold pieces.
You spent 4800 gold pieces at shops.

Inventory:

Hand Weapons
 c - a +9 trishula of holy wrath
 q - a +9 demon trident of freezing (weapon)
Missiles
 j - 8 throwing nets
 u - 16 javelins of returning (quivered)
Armour
 t - a +2 hat (worn)
 A - a +5 shield of reflection (worn)
Magical Staves
 y - an uncursed staff of energy
Jewellery
 a - a ring "Luheipum" (on tentacle) {rElec rPois SInv Stlth+}
   (You took it off a deep elf blademaster on level 3 of the Elven Halls)

   [ring of see invisible]

   It insulates you from electricity.
   It protects you from poison.
   It lets you see invisible.
   It makes you more stealthy.
 o - the amulet "Woujely" (around mantle) {Harm *Drain rC++ Str+4 Slay+4}
   (You found it on level 5 of the Vaults)

   [amulet of harm]

   It increases damage dealt and taken.
   It affects your strength (+4).
   It affects your accuracy and damage with ranged weapons and melee attacks
   (+4).
   It greatly protects you from cold.
   It causes draining when unequipped.
 p - a +5 ring of evasion (on tentacle)
 w - the ring "Haecwa" (on tentacle) {+Blink rPois MR+++ Dex+2}
   (You took it off a deep elf high priest on level 3 of the Elven Halls)

   [ring of poison resistance]

   It affects your dexterity (+2).
   It protects you from poison.
   It affects your resistance to hostile enchantments.
   It lets you blink.
 B - a +5 ring of protection (right tentacle)
 C - the ring "Keam" (on tentacle) {rElec rF+ MR+ Slay+3}
   (You took it off a vault sentinel on level 5 of the Vaults)

   [ring of protection from magic]

   It affects your accuracy and damage with ranged weapons and melee attacks
   (+3).
   It protects you from fire.
   It insulates you from electricity.
   It affects your resistance to hostile enchantments.
 K - a +4 ring of protection (on tentacle)
 R - the ring of Keggim (left tentacle) {rPois rC+ rN+ Str+4 Dex-3}
   (You found it on level 3 of the Crypt)

   [ring of positive energy]

   It affects your strength (+4).
   It affects your dexterity (-3).
   It protects you from cold.
   It protects you from poison.
   It protects you from negative energy.
 Y - the ring of Qoeresic (on tentacle) {rF+ AC+5 Dex+3}
   (You found it in a labyrinth)

   [ring of protection]

   It affects your AC (+5).
   It affects your dexterity (+3).
   It protects you from fire.
Wands
 f - a wand of disintegration (8)
 g - a wand of clouds (2)
 G - a wand of scattershot (9)
 H - a wand of iceblast (51)
 S - a wand of digging (22)
 X - a wand of acid (11)
Scrolls
 e - 28 scrolls of teleportation
 h - 18 scrolls of remove curse
 s - 7 scrolls of blinking
 x - 11 scrolls of fear
 D - 3 scrolls of holy word
 E - 4 scrolls of identify
 J - 17 scrolls of magic mapping
 L - 4 scrolls of silence
 O - 8 scrolls of fog
 Q - 2 scrolls of summoning
Potions
 d - 11 potions of curing
 i - 9 potions of flight
 k - 7 potions of brilliance
 l - 4 potions of heal wounds
 r - 2 potions of berserk rage
 I - 7 potions of haste
 N - 4 potions of resistance
 T - 2 potions of invisibility
 U - a potion of agility
 V - a potion of magic
 W - 11 potions of might
Miscellaneous
 m - a phantom mirror
 n - a box of beasts
 z - a lamp of fire
 F - a sack of spiders
 M - a lightning rod (4/4)
 P - a phial of floods
Comestibles
 b - 52 rations
 v - a chunk of flesh


   Skills:
 * Level 21.9 Fighting
 - Level 14.1 Polearms
 - Level 5.5 Throwing
 * Level 19.4 Dodging
 * Level 20.1 Stealth
 - Level 16.1 Shields
 + Level 14.8 Spellcasting
 - Level 1.0 Hexes
 - Level 11.6 Charms
 - Level 7.0 Translocations
 * Level 5.0 Transmutations
 * Level 12.6 Earth Magic
 * Level 19.9 Invocations
 * Level 16.1 Evocations


You had 11 spell levels left.
You knew the following spells:

 Your Spells              Type           Power        Failure   Level  Hunger
a - Stone Arrow           Conj/Erth      ####..       1%          3    None
b - Shroud of Golubria    Chrm/Tloc      #####.....   1%          2    None
c - Song of Slaying       Chrm           #####...     1%          2    None
d - Infusion              Chrm           ####         1%          1    None
e - Regeneration          Chrm/Necr      ####......   1%          3    None
f - Spectral Weapon       Hex/Chrm       ####....     1%          3    None
g - Swiftness             Chrm/Air       ####....     1%          2    None
h - Statue Form           Tmut/Erth      #####....    26%         6    ######.
i - Dragon Form           Tmut           ###.......   100%        7    #######
j - Mephitic Cloud        Conj/Pois/Air  ##......     19%         3    None
k - Borgnjor's Vile Clut  Necr/Erth      ####......   13%         5    ####...
l - Passage of Golubria   Tloc           N/A          3%          4    ##.....
m - Ozocubu's Armour      Chrm/Ice       ####....     1%          3    None


Dungeon Overview and Level Annotations

Branches:
Dungeon (15/15)            Temple (0/1) D:5            Lair (6/6) D:10
 Shoals (4/4) Lair:3       Spider (4/4) Lair:4        Slime (3/5) Lair:6
    Orc (2/2) D:9             Elf (3/3) Orc:2        Vaults (5/5) D:14
  Crypt (3/3) Vaults:3       Tomb (1/3) Crypt:3      Depths (5/5) D:15
    Zot (2/5) Depths:5

Altars:
Ashenzari
Cheibriados
Dithmenos
Fedhas
Kikubaaqudgha
Okawaru
Qazlal
Vehumet
Wu Jian
Yredelemnul
The Shining One
Beogh

Shops:
D:4 ?   D:6 [*   D:11 [   D:15 ?   Orc:2 ?%%[*   Elf:2 *   Vaults:2 [
Vaults:4 (   Vaults:5 ?   Depths:2 ((??[

Portals:
Hell: Depths:1 Depths:2 Depths:3 Depths:4 Depths:5
Abyss: Depths:2 Depths:3 Depths:4
Pandemonium: Depths:1 Depths:3 Depths:5
Ziggurat: Depths:4

Annotations:
D:4 arcanemastermind's ghost, amateur DEFE
Slime:2 exclusion: downstairs
Vaults:5 2 exclusions
Depths:2 1 exclusion
Depths:3 2 exclusions


Innate Abilities, Weirdness & Mutations

You cannot wear most types of armour.
You are very stealthy in the water. (Stealth+)
You are amphibious.
You can wear up to eight rings at the same time.
You can use your tentacles to constrict eight enemies at once.
Your skin changes colour to match your surroundings (Stealth+).
Your rubbery body absorbs attacks. (AC +1, EV +1)
You are partially covered in rugged brown scales. (AC +1, +3% HP)
You are clumsy. (Dex -2)
Your flesh is cold resistant. (rC+)
You are very dopey. (Int -4)
Your system is resistant to poisons. (rPois)
You evolve.
You expend magic power (3 MP) to strengthen your wands.


Message History

You constrict the death cob, but do no damage.
You block the death cob's attack. x2
You barely miss the death cob.
Your magical infusion is running out.
You constrict the death cob. The death cob completely misses you. x2
You block the death cob's attack.
You puncture the death cob!! You freeze the death cob.
The death cob is heavily damaged.
You constrict the death cob! You block the death cob's attack.
The death cob barely misses you.
You puncture the death cob! You freeze the death cob.
You squeeze the death cob, but do no damage.
The death cob is severely damaged.
You constrict the death cob! The death cob hits you!!
* * * LOW HITPOINT WARNING * * *
The death cob hits you!
* * * LOW HITPOINT WARNING * * *
Space bends sharply around you!
You blink.
You lose your grip on the death cob.
The death cob hits you!
You die...

####+#.........≈≈#####≈.##.######
.....+.........≈≈≈≈≈≈≈≈.##.......
.###.#.......!..........##.######
.# #.#..................##.# .#
#.#..................##.# ##
#.#..................##.######
#.#..................##.......
#.#.......!..........##..#####
####.#.........)@.......##..# ###
.....'........))z.......##..# #..
.###.#..................##..# #..
.# #.#.......[..........##..# #..
.###.#..................##..# #..
.....#...........§......'...# #..
####.#............%.....##..###..
#.#........#+##########....'.)
#.#..[.....#.............###..


You could see a death cob.

Vanquished Creatures
  Mara (Vaults:5)
  Mennas (Vaults:2)
  2 ancient liches
  Boris (Depths:4)
  Bai Suzhen (Spider:4)
  Frederick (Depths:2)
  A caustic shrike (Depths:3)
  A curse toe (Zot:1)
  2 Killer Klowns
  Xtahua (Vaults:5)
  the Enchantress (Depths:3)
  Nikola (Spider:4)
  8 golden dragons
  4 bone dragons
  Jory (Vaults:5)
  Arachne (Spider:3)
  2 profane servitors
  An electric golem (Zot:2)
  Jorgrun (Crypt:2)
  8 tentacled monstrosities
  5 liches
  6 titans
  Asterion (Elf:2)
  3 deep elf blademasters
  2 quicksilver dragons
  4 acid blobs
  A kraken (Shoals:2)
  A deep elf master archer (Elf:3)
  13 sphinxes
  Polyphemus (Shoals:3)
  5 tentacled starspawn
  Kirke (Lair:4)
  Frances (Elf:1)
  An Executioner (Abyss:2)
  3 death cobs (Zot:1)
  3 ancient champions
  5 storm dragons
  8 shadow dragons
  Roxanne (Spider:4)
  Donald (Spider:1)
  3 draconian monks
  4 azure jellies
  5 frost giants
  2 revenants
  4 tengu reavers
  Ilsuiw (Shoals:4)
  6 deep elf sorcerers
  9 fire giants
  6 draconian knights
  3 ghost moths
  4 iron dragons
  3 draconian scorchers
  10 vault wardens
  Aizul (Crypt:1)
  2 balrugs
  A curse skull (Crypt:2)
  4 draconian shifters
  9 ghouls
  32 very ugly things
  8 emperor scorpions
  2 deep elf elementalists (Elf:3)
  4 draconian stormcallers
  4 spriggan defenders
  A reaper (Depths:1)
  12 ironheart preservers
  5 draconian annihilators
  5 war gargoyles
  6 entropy weavers
  22 stone giants
  5 deep elf demonologists
  9 green draconians
  4 white draconians
  4 vampire knights
  8 red draconians
  2 black draconians (Zot:1)
  Azrael (Lair:4)
  A lorocyproca (Abyss:1)
  11 ettins
  6 yellow draconians
  17 deep elf annihilators
  6 dire elephants (Lair:6)
  6 purple draconians
  3 spark wasps
  An eidolon (Crypt:2)
  4 deep elf death magi (Elf:3)
  3 merfolk javelineers
  A blizzard demon (Abyss:5)
  2 green deaths (Abyss:2)
  7 statues (Depths:2)
  A mummy priest (Tomb:1)
  A minotaur (Lab)
  6 jiangshi
  20 yaktaur captains
  5 merfolk impalers (Shoals:4)
  5 crystal guardians
  12 deep elf high priests
  4 great orbs of eyes
  14 fire dragons
  12 ice dragons
  A naga warrior (Abyss:2)
  28 vault guards
  8 rakshasas
  10 hydras
  2 catoblepae
  7 spriggan air magi
  15 centaur warriors
  3 alligator snapping turtles
  An anaconda (Lair:6)
  A satyr (Shoals:3)
  14 death yaks
  5 merfolk aquamancers
  4 merfolk avatars
  8 deep troll earth magi
  5 death knights
  A two-headed ogre (shapeshifter) (Depths:5)
  4 death scarabs (Tomb:1)
  36 two-headed ogres
  10 tengu warriors
  9 ogre magi
  5 hell hogs
  7 thrashing horrors
  Urug (D:12)
  7 deep troll shamans
  36 dancing weapons
  5 vampire magi
  2 sun demons (Depths:2)
  20 deep elf knights
  5 spriggan berserkers
  A soul eater (Crypt:2)
  A storm dragon zombie (Crypt:3)
  6 spriggans
  A titan skeleton (Crypt:2)
  A sixfirhy (Abyss:4)
  The ghost of funslinger the Carver, a novice DDFi of Makhleb (D:8)
  4 spatial maelstroms
  A storm dragon skeleton (Tomb:1)
  2 golden dragon zombies (Crypt:3)
  A death drake (shapeshifter) (Depths:1)
  10 sea snakes
  A fire crab (shapeshifter) (Vaults:4)
  3 wretched stars
  3 iron trolls
  14 hell knights
  3 shadow wraiths
  33 skeletal warriors
  2 unseen horrors (shapeshifter)
  A death drake (Abyss:2)
  3 glowing orange brains
  21 deep trolls
  An iron giant zombie (Crypt:2)
  A swamp dragon (Abyss:4)
  4 flayed ghosts
  An anaconda zombie (Crypt:3)
  20 deep elf archers
  A lindwurm (Volcano)
  5 unseen horrors
  2 anaconda skeletons
  7 phantasmal warriors
  8 wizards
  22 orb spiders
  16 ironbrand convokers
  A lindwurm (shapeshifter) (Vaults:5)
  A shadow dragon zombie (Crypt:3)
  A harpy (shapeshifter) (Vaults:1)
  13 necromancers
  A sphinx zombie (Vaults:4)
  60 deep elf magi
  2 shining eyes (Slime:1)
  31 harpies
  21 orc knights
  2 shadow dragon skeletons
  An iron dragon zombie (Crypt:1)
  A mana viper (shapeshifter) (Depths:3)
  A stone giant zombie (Vaults:2)
  39 wolf spiders
  An oklob plant (Lair:4)
  54 ugly things
  2 orc sorcerers
  20 manticores
  11 moths of wrath
  3 fauns (Shoals:2)
  A frost giant skeleton (Vaults:2)
  21 large abominations
  3 salamanders
  2 worldbinders
  4 rust devils
  2 tengu skeletons
  3 cyclopes
  A fire giant skeleton (Crypt:3)
  8 water nymphs
  A centaur zombie (D:13)
  8 merfolk sirens
  2 eyes of devastation
  5 elephants
  11 vault sentinels
  5 smoke demons
  2 black mambas (Lair:1)
  An apocalypse crab (Abyss:2)
  2 guardian serpents
  A shock serpent zombie (Crypt:2)
  A naga mage (Abyss:2)
  A stone giant skeleton (Crypt:3)
  3 torpor snails
  A spiny frog (shapeshifter) (Elf:1)
  A gargoyle (D:11)
  11 spiny frogs
  A storm dragon simulacrum (Vaults:3)
  An orange demon (Depths:1)
  A kobold demonologist (D:15)
  A komodo dragon (shapeshifter) (Elf:3)
  5 komodo dragons
  3 efreet
  5 freezing wraiths
  A black draconian zombie (Tomb:1)
  An alligator snapping turtle skeleton (Crypt:1)
  15 demonic crawlers
  6 guardian mummies
  5 tengu conjurers
  2 ice devils
  A yaktaur skeleton (Vaults:3)
  41 yaktaurs
  A hellwing (Abyss:2)
  6 ancient zymes
  A sea snake skeleton (Crypt:1)
  A queen bee (shapeshifter) (Elf:1)
  35 jumping spiders
  27 merfolk
  2 red devils
  7 wind drakes
  5 trolls
  A polar bear (shapeshifter) (D:13)
  14 hornets
  A minotaur skeleton (Lab)
  A meliai zombie (D:12)
  68 slime creatures
  A raiju (shapeshifter) (Depths:3)
  A hippogriff (shapeshifter) (Vaults:5)
  A harpy skeleton (Crypt:1)
  9 snapping turtles
  A shapeshifter (Abyss:2)
  9 blink frogs
  7 raiju
  3 bog bodies (Crypt:1)
  A dream sheep (Lair:4)
  An iron dragon simulacrum (Crypt:1)
  20 hippogriffs
  21 starcursed masses
  10 air elementals
  39 flying skulls
  An alligator skeleton (Crypt:1)
  3 ynoxinuls
  5 shadows
  19 tarantellas
  104 redbacks
  2 hogs (shapeshifter) (Vaults:5)
  3 ice dragon skeletons
  A vampire (D:15)
  A wyvern (D:7)
  19 water elementals
  5 wraiths
  3 hogs (Lair:3)
  8 fire elementals
  6 neqoxecs
  An ushabti (Tomb:1)
  7 basilisks
  A human (shapeshifter) (Vaults:4)
  2 ettin skeletons
  15 fire bats
  7 golden eyes
  66 yaks
  7 vampire mosquitoes
  20 humans (D:14)
  An elf skeleton (Vaults:4)
  11 hungry ghosts
  3 insubstantial wisps (Abyss:2)
  10 wargs
  2 nagas (Abyss:2)
  21 spatial vortices
  3 acid dragons
  2 soldier ants (D:13)
  9 water moccasins
  9 hell hounds
  5 sky beasts
  9 porcupines
  An eye of draining (shapeshifter) (Vaults:5)
  5 ice beasts
  3 eyes of draining
  10 necrophages
  25 ogres
  52 orc warriors
  A phantom (D:12)
  4 boggarts (Depths:2)
  A tengu (shapeshifter) (D:15)
  27 centaurs
  17 small abominations
  A snapping turtle skeleton (Crypt:2)
  A swamp dragon skeleton (Crypt:1)
  16 crocodiles
  3 big kobolds
  A gnoll sergeant (D:7)
  22 bullfrogs
  An earth elemental (Elf:2)
  A wyvern zombie (D:12)
  A water moccasin skeleton (D:10)
  2 scorpions
  3 human simulacra
  A wyvern skeleton (D:11)
  A warg skeleton (Crypt:2)
  13 killer bees
  9 wights
  2 troll skeletons
  2 howler monkeys
  A spriggan skeleton (Lab)
  A lava snake (Lair:4)
  5 crimson imps
  5 bullfrog zombies
  4 quasits
  4 hounds
  A human zombie (Crypt:1)
  17 jellies
  18 orc wizards
  5 centaur skeletons
  20 orc priests
  4 iron imps
  4 bullfrog skeletons
  A gnoll shaman (D:6)
  7 iguanas
  Terence (D:2)
  A worker ant (shapeshifter) (Depths:4)
  2 human skeletons
  14 worker ants
  A killer bee zombie (D:7)
  An ogre zombie (Crypt:1)
  A deep dwarf zombie (Crypt:2)
  8 mummies
  17 gnolls
  A howler monkey zombie (D:9)
  11 adders
  A howler monkey skeleton (Crypt:1)
  2 river rats (Sewer)
  3 shadow imps
  3 white imps
  5 ufetubi
  2 oozes (Lair:6)
  An adder zombie (D:9)
  3 worms
  2 dart slugs
  8 leopard geckos
  108 orcs
  2 ball pythons
  6 bats
  A bat skeleton (Crypt:2)
  10 giant cockroaches
  9 goblins
  7 hobgoblins
  12 jackals
  A quokka (D:3)
  3 frilled lizards
  16 kobolds
  A kobold simulacrum (Crypt:1)
  2 leopard gecko skeletons
  5 rats
  4 fire vortices (Depths:2)
  A lurking horror (Abyss:2)
  7 plants
  5 starspawn tentacles
  A withered plant (Shoals:1)
2679 creatures vanquished.

Vanquished Creatures (collateral kills)
  An orc knight (Vaults:2)
  A manticore (Depths:3)
  A merfolk (Shoals:1)
  An ogre (Vaults:2)
4 creatures vanquished.

Vanquished Creatures (others)
  A deep elf master archer (Elf:3)
  An azure jelly (Slime:1)
  A vault warden (Vaults:5)
  An entropy weaver (Spider:1)
  A spriggan defender (Depths:3)
  2 stone giants
  A merfolk javelineer (Shoals:4)
  2 yaktaur captains
  A spriggan air mage (Depths:3)
  3 centaur warriors
  2 two-headed ogres
  A tengu warrior (Depths:3)
  A deep elf mage (Elf:2)
  2 salamanders (Volcano)
  A cyclops (Vaults:2)
  A moth of wrath (Zot:1)
  An apocalypse crab (Abyss:4)
  A rime drake (Lair:6)
  12 yaktaurs
  An ice devil (D:11)
  A meliai (shapeshifter) (D:9)
  A hornet (Depths:3)
  2 snapping turtles
  An air elemental (Depths:3)
  A tarantella (Spider:4)
  A spriggan (Depths:3)
  6 water elementals
  6 redbacks
  2 humans (Lair:5)
  A water moccasin (Shoals:2)
  A hell hound (Depths:3)
  2 ice beasts (D:7)
  5 centaurs
  3 gnolls (D:10)
  2 orcs
  11 fungi
  3 lurking horrors
  35 plants
  81 spectral weapons
  6 starspawn tentacles
  123 tentacles (Shoals:2)
331 creatures vanquished.

Grand Total: 3014 creatures vanquished

Notes
Turn   | Place    | Note
-------+----------+-------------------------------------------
     0 | Abyss:1  | Kurtz the Octopode Abyssal Knight began the quest for the Orb.
     0 | Abyss:1  | Reached XP level 1. HP: 16/16 MP: 2/2
    34 | Abyss:2  | Noticed a small abomination
    69 | Abyss:2  | Noticed a small abomination
    70 | D:1      | Escaped the Abyss
   312 | D:1      | Reached XP level 2. HP: 21/21 MP: 3/3
   414 | D:1      | Reached skill level 1 in Stealth
   590 | D:1      | You fall through a shaft!
   608 | D:2      | Reached XP level 3. HP: 20/26 MP: 4/4
   704 | D:2      | Reached ** piety under Lugonu
   807 | D:2      | Found an iron altar of Okawaru.
   827 | D:2      | Reached XP level 4. HP: 25/31 MP: 5/5
   861 | D:2      | Noticed Terence
   874 | D:2      | Killed Terence
  1298 | D:3      | Found a radiant altar of Vehumet.
  1438 | D:3      | Reached XP level 5. HP: 14/36 MP: 5/7
  1873 | D:3      | Found an ornate altar of the Wu Jian Council.
  2331 | D:3      | Reached *** piety under Lugonu
  2331 | D:3      | Reached XP level 6. HP: 36/42 MP: 8/8
  2546 | D:3      | Found a blossoming altar of Fedhas.
  2763 | D:4      | Found a glowing drain.
  2785 | Sewer    | Entered a sewer
  2972 | Sewer    | Found a glowing silver altar of Zin.
  3089 | D:4      | Noticed arcanemastermind's ghost (amateur DEFE)
  3190 | D:3      | Reached XP level 7. HP: 26/47 MP: 9/9
  3397 | D:4      | Reached skill level 5 in Polearms
  3664 | D:4      | HP: 1/47 [something (5)]
  3772 | D:4      | Found a shattered altar of Ashenzari.
  3945 | D:5      | Entered Level 5 of the Dungeon
  3956 | D:5      | Reached skill level 4 in Fighting
  3980 | D:5      | Reached **** piety under Lugonu
  3980 | D:5      | Reached skill level 5 in Stealth
  3981 | D:5      | Found a staircase to the Ecumenical Temple.
  4158 | D:5      | Reached XP level 8. HP: 28/54 MP: 10/10
  4314 | D:5      | Reached skill level 1 in Throwing
  4652 | D:5      | Found a snail-covered altar of Cheibriados.
  5157 | D:6      | Found a stormy altar of Qazlal.
  5267 | D:6      | Found Rimmergh's Armour Shop.
  5625 | D:6      | Found Wuomm's Whimsical Warehouse.
  5743 | D:7      | Reached XP level 9. HP: 55/59 MP: 12/12
  5765 | D:7      | Reached ***** piety under Lugonu
  6257 | D:7      | Reached skill level 5 in Dodging
  6371 | D:7      | Reached skill level 5 in Fighting
  6435 | D:7      | Reached skill level 5 in Invocations
  6584 | D:7      | Noticed a two-headed ogre
  6589 | D:7      | Banished a two-headed ogre
  6589 | D:7      | Reached skill level 1 in Shields
  6603 | D:7      | Got a wavering turquoise ring
  6803 | D:7      | Identified the ring of Reimbursement {rElec rPois rF+ Int-4 Stlth-} (You took it off a big kobold on level 7 of the Dungeon)
  7245 | D:8      | Noticed funslinger's ghost (novice DDFi)
  7332 | D:8      | Noticed a two-headed ogre
  7346 | D:9      | Noticed a hornet
  7354 | D:10     | Entered Level 10 of the Dungeon
  7409 | D:9      | a hornet changed into a shapeshifter
  7410 | D:9      | Noticed a meliai
  7410 | D:9      | a shapeshifter changed into a meliai
  7412 | D:9      | Banished a meliai
  7412 | D:9      | Reached XP level 10. HP: 66/66 MP: 14/14
  7791 | D:9      | Found a glowing golden altar of the Shining One.
  7797 | D:9      | Found a shadowy altar of Dithmenos.
  7801 | D:9      | Noticed a two-headed ogre
  7844 | D:9      | Killed a two-headed ogre
  7916 | D:9      | Found an ancient bone altar of Kikubaaqudgha.
  8140 | D:9      | Found a staircase to the Orcish Mines.
  9084 | D:8      | Killed a two-headed ogre
  9084 | D:8      | Reached skill level 6 in Fighting
  9084 | D:8      | Reached skill level 10 in Polearms
  9639 | D:10     | Reached XP level 11. HP: 72/72 MP: 16/16
  9660 | D:10     | Noticed a two-headed ogre
  9776 | D:9      | Killed a two-headed ogre
  9943 | D:10     | Reached skill level 1 in Evocations
 10478 | D:10     | Found a staircase to the Lair.
 10877 | D:11     | Gained mutation: One of your tentacles bears a spike. [potion of mutation]
 10877 | D:11     | Gained mutation: You are dopey. (Int -2) [potion of mutation]
 10877 | D:11     | Gained mutation: Your flesh is heat resistant. (rF+) [potion of mutation]
 10991 | D:11     | Found Zifo's Armour Shoppe.
 11098 | D:11     | Noticed a cyan ugly thing
 11291 | D:11     | Found a frozen archway.
 11510 | D:11     | Killed a cyan ugly thing
 11593 | D:11     | Noticed a brown ugly thing
 11618 | D:11     | Killed a brown ugly thing
 12038 | Lair:1   | Entered Level 1 of the Lair of Beasts
 12077 | Lair:1   | Reached skill level 5 in Shields
 12091 | Lair:1   | Learned a level 3 spell: Stone Arrow
 12174 | Lair:1   | Learned a level 2 spell: Shroud of Golubria
 12177 | Lair:1   | Learned a level 2 spell: Song of Slaying
 12179 | Lair:1   | Learned a level 1 spell: Infusion
 12209 | Lair:1   | Reached XP level 12. HP: 80/80 MP: 18/18
 12801 | Lair:1   | Reached skill level 7 in Fighting
 12864 | Lair:2   | Found a snail-covered altar of Cheibriados.
 13011 | Lair:2   | Learned a level 3 spell: Regeneration
 13657 | Lair:3   | Found a dark tunnel.
 13666 | Volcano  | Entered a volcano
 13734 | Volcano  | Noticed a two-headed ogre
 13734 | Volcano  | Noticed a two-headed ogre
 13738 | Volcano  | Banished a two-headed ogre
 13740 | Volcano  | Reached skill level 1 in Charms
 13797 | Volcano  | Killed a two-headed ogre
 13835 | Volcano  | Noticed a hell hog
 13992 | Volcano  | Killed a hell hog
 14165 | Lair:3   | Noticed an eight-headed hydra
 14173 | Lair:3   | Killed an eight-headed hydra
 14248 | Lair:3   | Noticed a six-headed hydra
 14258 | Lair:3   | Killed a six-headed hydra
 14258 | Lair:3   | Reached skill level 10 in Invocations
 14436 | Lair:3   | Noticed a death yak
 14437 | Lair:3   | Noticed a death yak
 14437 | Lair:3   | Noticed a death yak
 14542 | Lair:2   | Killed a death yak
 14542 | Lair:2   | Reached XP level 13. HP: 69/86 MP: 20/20
 14659 | Lair:3   | Found a staircase to the Shoals.
 15607 | Lair:4   | Found a hole to the Spider Nest.
 16214 | Lair:4   | Reached skill level 5 in Throwing
 17339 | Lair:4   | Reached skill level 8 in Fighting
 17339 | Lair:4   | Reached skill level 1 in Spellcasting
 18256 | Lair:5   | Noticed Kirke
 18303 | Lair:3   | Reached XP level 14. HP: 77/94 MP: 22/22
 18412 | Lair:4   | Killed Kirke
 19521 | Lair:6   | Entered Level 6 of the Lair of Beasts
 19574 | Lair:6   | Reached XP level 15. HP: 100/100 MP: 23/23
 19671 | Lair:6   | Learned a level 3 spell: Spectral Weapon
 19672 | Lair:6   | Found a staircase to the Slime Pits.
 19691 | Lair:6   | Reached ****** piety under Lugonu
 20776 | Orc:1    | Entered Level 1 of the Orcish Mines
 21082 | Orc:2    | Entered Level 2 of the Orcish Mines
 21272 | Shoals:1 | Entered Level 1 of the Shoals
 21414 | Shoals:1 | Reached skill level 10 in Dodging
 21548 | Shoals:1 | Reached skill level 5 in Charms
 21914 | Shoals:1 | Reached skill level 9 in Fighting
 22912 | Shoals:2 | Noticed a kraken
 23283 | Shoals:2 | Killed a kraken
 24906 | Shoals:3 | Reached skill level 1 in Hexes
 24925 | Shoals:3 | Noticed Polyphemus
 25564 | Lair:6   | Reached skill level 10 in Shields
 25696 | Lair:6   | Reached XP level 16. HP: 70/107 MP: 23/25
 26524 | Spider:1 | Entered Level 1 of the Spider Nest
 26524 | Spider:1 | Noticed Azrael
 26601 | Lair:4   | Killed Azrael
 26712 | Spider:1 | Reached skill level 10 in Fighting
 28183 | Spider:1 | HP: 4/110 [entropy weaver (14)]
 28575 | Orc:2    | Found an iron altar of Okawaru.
 29066 | Orc:2    | Found a roughly hewn altar of Beogh.
 29078 | Orc:2    | Found Kahoodos's Food Shoppe.
 29078 | Orc:2    | Found Ysecse's Antique Armour Boutique.
 29169 | Orc:2    | Found Radacs's Assorted Antiques.
 29238 | Orc:2    | Found a staircase to the Elven Halls.
 29375 | Orc:2    | Found Neulie's Magic Scroll Shoppe.
 29375 | Orc:2    | Found Morememp's Food Boutique.
 29436 | Orc:2    | Bought a scroll of enchant weapon for 195 gold pieces
 29437 | Orc:2    | Bought a lamp of fire for 1040 gold pieces
 29439 | Orc:2    | Bought 2 potions of might for 208 gold pieces
 29483 | Orc:2    | Bought 2 scrolls of summoning for 266 gold pieces
 29494 | Orc:2    | Bought a scroll of identify for 28 gold pieces
 29539 | Orc:2    | Bought a potion of berserk rage for 130 gold pieces
 29680 | Orc:1    | Found a roughly hewn altar of Beogh.
 29846 | Elf:1    | Entered Level 1 of the Elven Halls
 30025 | Elf:1    | Reached XP level 17. HP: 93/117 MP: 13/26
 30116 | Elf:1    | Reached skill level 5 in Spellcasting
 30219 | Elf:1    | Identified the Guide on Lightness and Envenoming
 30223 | Elf:1    | Learned a level 2 spell: Swiftness
 30374 | Elf:1    | Noticed Frances
 30563 | Elf:1    | Reached skill level 11 in Fighting
 30875 | Elf:1    | Gained mutation: Scrolls take you a little longer to read. [a neqoxec]
 30889 | Elf:1    | Killed Frances
 30910 | Elf:1    | Lost mutation: Scrolls take you a little longer to read. [potion of mutation]
 30910 | Elf:1    | Lost mutation: One of your tentacles bears a spike. [potion of mutation]
 30910 | Elf:1    | Gained mutation: You evolve. [potion of mutation]
 30910 | Elf:1    | Gained mutation: You occasionally shout uncontrollably at your foes. [potion of mutation]
 30910 | Elf:1    | Gained mutation: Your system is resistant to poisons. (rPois) [potion of mutation]
 31034 | Elf:1    | Identified the Grimoire of Conjuration
 31439 | Elf:2    | Noticed Asterion
 31935 | Elf:1    | Identified a scroll of acquirement
 31939 | Elf:1    | Got a pitted shield
 31950 | Elf:1    | Identified the +5 shield of Time Monsters {rC+} (You acquired it on level 1 of the Elven Halls)
 32759 | Shoals:3 | Gained mutation: You are partially covered in thin metallic scales. (AC +2) [evolution]
 32759 | Shoals:3 | Lost mutation: You evolve. [end of evolution]
 33216 | Shoals:3 | Killed Polyphemus
 33409 | Shoals:4 | Entered Level 4 of the Shoals
 33452 | Shoals:4 | Reached skill level 5 in Evocations
 33471 | Shoals:4 | Noticed Ilsuiw
 34004 | Shoals:4 | Reached skill level 10 in Stealth
 34347 | Shoals:4 | Reached XP level 18. HP: 124/124 MP: 15/28
 35585 | Shoals:4 | Got a barnacled rune of Zot
 35728 | Shoals:4 | Killed Ilsuiw
 36082 | Slime:1  | Entered Level 1 of the Pits of Slime
 36210 | Slime:1  | Gained mutation: You are very dopey. (Int -4) [a shining eye]
 37628 | Slime:2  | HP: 6/124 [disintegration (29)]
 38942 | Spider:2 | Noticed Donald
 38966 | Spider:1 | Killed Donald
 39960 | Spider:3 | Noticed Arachne
 40017 | Spider:3 | Killed Arachne
 40034 | Spider:3 | Reached XP level 19. HP: 70/131 MP: 2/29
 40545 | Spider:4 | Entered Level 4 of the Spider Nest
 40545 | Spider:4 | Noticed Nikola
 41498 | Spider:4 | Reached skill level 12 in Fighting
 41710 | Spider:4 | Killed Nikola
 42134 | Spider:4 | HP: 5/131 [poisoned by an emperor scorpion]
 42654 | Spider:4 | Noticed Bai Suzhen
 42957 | Spider:4 | Noticed Roxanne
 43046 | Spider:4 | Killed Roxanne
 43047 | Spider:4 | Identified Roxanne's Incunabulum of Stones (You took it off Roxanne on level 4 of the Spider Nest)
 43057 | Spider:4 | Learned a level 6 spell: Statue Form
 44408 | Spider:4 | Killed Bai Suzhen
 44467 | Spider:4 | Got a gossamer rune of Zot
 45079 | Elf:2    | Killed Asterion
 45328 | Elf:2    | Found a runed gate.
 45328 | Elf:2    | Found a runed gate.
 45332 | Elf:2    | Found a runed gate.
 45438 | Elf:2    | Found an ancient bone altar of Kikubaaqudgha.
 45505 | Elf:2    | Found Narghus's General Store.
 45513 | Elf:2    | Bought a potion of might for 56 gold pieces
 45513 | Elf:2    | Bought a wand of scattershot (7) for 462 gold pieces
 45513 | Elf:2    | Bought an uncursed ring of poison resistance for 280 gold pieces
 45513 | Elf:2    | Bought a potion of invisibility for 112 gold pieces
 46075 | Elf:3    | Entered Level 3 of the Elven Halls
 46184 | Elf:3    | Reached skill level 15 in Invocations
 46292 | Elf:3    | Reached XP level 20. HP: 138/138 MP: 23/31
 47245 | Elf:3    | Reached skill level 15 in Shields
 47930 | Elf:3    | Identified the +1 shield of Weightlessness {rF++ rN+ Dex-2 SInv} (You took it off a deep elf demonologist on level 3 of the Elven Halls)
 49281 | Elf:3    | Got a bound turquoise ring
 49287 | Elf:3    | Identified a ring "Luheipum" {rElec rPois SInv Stlth+} (You took it off a deep elf blademaster on level 3 of the Elven Halls)
 49347 | Elf:3    | Got a smoking wooden ring
 49349 | Elf:3    | Identified the ring "Haecwa" {+Blink rPois MR+++ Dex+2} (You took it off a deep elf high priest on level 3 of the Elven Halls)
 49882 | Elf:3    | Identified Uneis's Disquisition on the Rocks and Shape Shifting
 50113 | Elf:2    | Reached skill level 1 in Earth Magic
 50237 | Elf:2    | Reached skill level 10 in Evocations
 51764 | D:8      | Killed funslinger's ghost
 51855 | D:4      | Found Piarroax's Magic Scroll Shop.
 51859 | D:4      | Bought 3 scrolls of teleportation for 108 gold pieces
 51859 | D:4      | Bought a scroll of enchant armour for 90 gold pieces
 51859 | D:4      | Bought a scroll of enchant armour for 90 gold pieces
 52092 | Elf:2    | Bought a scroll of enchant armour for 105 gold pieces
 52577 | Slime:1  | Gained mutation: Your body sometimes deteriorates upon taking damage. [a shining eye]
 52829 | Slime:2  | Reached skill level 13 in Fighting
 52829 | Slime:2  | Reached XP level 21. HP: 62/145 MP: 27/34
 53264 | Slime:2  | Reached skill level 15 in Dodging
 54093 | D:12     | Lost mutation: Your flesh is heat resistant. (rF+) [potion of mutation]
 54093 | D:12     | Lost mutation: Your body sometimes deteriorates upon taking damage. [potion of mutation]
 54093 | D:12     | Lost mutation: You are very dopey. (Int -4) [potion of mutation]
 54093 | D:12     | Gained mutation: You are resistant to hostile enchantments. (MR+) [potion of mutation]
 54093 | D:12     | Gained mutation: You are partially covered in rugged brown scales. (AC +1, +3% HP) [potion of mutation]
 54127 | D:12     | Noticed Urug
 54138 | D:12     | Killed Urug
 55645 | D:14     | Found a labyrinth entrance.
 55651 | Lab      | Entered a labyrinth
 57375 | Lab      | Identified the Volume of Beguiling and Transformation
 57376 | Lab      | Found the cursed necklace of Bloodlust {*Rage +Rage MR++ Int-3 Slay+6 *Curse}
 57377 | Lab      | Identified the ring of Qoeresic {rF+ AC+5 Dex+3} (You found it in a labyrinth)
 57436 | Lab      | Learned a level 7 spell: Dragon Form
 57453 | Lab      | Identified the +4 war axe of Fois {flame, Int+2} (You found it in a labyrinth)
 57465 | Lab      | Learned a level 3 spell: Mephitic Cloud
 58241 | D:14     | Found a gate to the Vaults.
 58441 | D:15     | Entered Level 15 of the Dungeon
 58785 | D:15     | Found Xoim's Magic Scroll Boutique.
 58926 | D:15     | Bought a scroll of magic mapping for 59 gold pieces
 58926 | D:15     | Bought a scroll of teleportation for 51 gold pieces
 59195 | D:15     | Found a staircase to the Depths.
 59550 | Vaults:1 | Entered Level 1 of the Vaults
 60079 | Vaults:1 | Reached skill level 14 in Fighting
 60379 | Vaults:1 | Reached skill level 10 in Charms
 60382 | Vaults:1 | Reached skill level 10 in Spellcasting
 60735 | Vaults:1 | Reached XP level 22. HP: 136/158 MP: 27/36
 62276 | Vaults:2 | Noticed Mennas
 62292 | Vaults:2 | Killed Mennas
 62292 | Vaults:2 | Reached skill level 5 in Earth Magic
 63295 | D:15     | Bought a scroll of enchant weapon for 127 gold pieces
 64158 | Vaults:2 | Reached skill level 15 in Fighting
 64482 | Vaults:2 | Found Lechipot's Antique Armour Emporium.
 65153 | Vaults:3 | Found a staircase to the Crypt.
 65153 | Vaults:3 | Found an ancient bone altar of Kikubaaqudgha.
 65154 | Vaults:3 | Found a basalt altar of Yredelemnul.
 65390 | Crypt:1  | Entered Level 1 of the Crypt
 65844 | Crypt:1  | Reached XP level 23. HP: 166/166 MP: 37/37
 66403 | Crypt:1  | Noticed Aizul
 66425 | Crypt:1  | Killed Aizul
 67238 | Crypt:2  | Noticed Jorgrun
 67257 | Crypt:2  | Killed Jorgrun
 67778 | Crypt:3  | Entered Level 3 of the Crypt
 68023 | Crypt:3  | Found a basalt altar of Yredelemnul.
 68023 | Crypt:3  | Noticed an ancient lich
 68531 | Crypt:3  | Killed an ancient lich
 68599 | Crypt:3  | Got an ancient ivory ring
 68600 | Crypt:3  | Identified the ring of Roxzexui {rN+ Int+5} (You found it on level 3 of the Crypt)
 68606 | Crypt:3  | Got a pitted amber ring
 68610 | Crypt:3  | Identified the ring of Beeppotriy {*Corrode rPois rC+ rN+ Int+2} (You found it on level 3 of the Crypt)
 68618 | Crypt:3  | Got a faintly glowing jade ring
 68619 | Crypt:3  | Identified the ring of Keggim {rPois rC+ rN+ Str+4 Dex-3} (You found it on level 3 of the Crypt)
 68991 | Crypt:3  | Reached skill level 16 in Fighting
 69374 | Crypt:3  | Found a staircase to the Tomb.
 69401 | Tomb:1   | Entered Level 1 of the Tomb of the Ancients
 69614 | Tomb:1   | Reached XP level 24. HP: 174/174 MP: 37/37
 71623 | Vaults:4 | Reached skill level 15 in Stealth
 72327 | Orc:2    | Bought a potion of haste for 260 gold pieces
 72327 | Orc:2    | Bought a potion of haste for 260 gold pieces
 72327 | Orc:2    | Bought a potion of curing for 78 gold pieces
 72622 | Vaults:4 | Found Keyqa's Antique Weapon Emporium.
 73929 | Vaults:5 | Entered Level 5 of the Vaults
 74064 | Vaults:4 | Reached skill level 17 in Fighting
 74918 | Vaults:4 | Reached XP level 25. HP: 185/185 MP: 31/38
 75422 | Vaults:5 | Identified the ring "Keam" {rElec rF+ MR+ Slay+3} (You took it off a vault sentinel on level 5 of the Vaults)
 75472 | Vaults:5 | Learned a level 5 spell: Borgnjor's Vile Clutch
 75505 | Vaults:5 | Got a translucent diamond amulet
 75592 | Vaults:5 | Noticed Jory
 75606 | Vaults:5 | Killed Jory
 76069 | Vaults:1 | Identified the amulet "Woujely" {Harm *Drain rC++ Str+4 Slay+4} (You found it on level 5 of the Vaults)
 76393 | Vaults:5 | Noticed an ancient lich
 76399 | Vaults:5 | Killed an ancient lich
 76406 | Vaults:5 | Noticed Mara
 77520 | Depths:1 | Entered Level 1 of the Depths
 77547 | Depths:1 | Reached skill level 18 in Fighting
 78469 | Depths:1 | Found a gateway to Hell.
 78613 | Depths:1 | Found a one-way gate leading to the halls of Pandemonium.
 79286 | Depths:2 | Found Vuiz's Weapon Shoppe.
 79289 | Depths:2 | Found Karph's Magic Scroll Emporium.
 79289 | Depths:2 | Found Edick's Weapon Shoppe.
 79294 | Depths:2 | Found Zogon's Magic Scroll Emporium.
 79312 | Depths:2 | Learned a level 4 spell: Passage of Golubria
 79324 | Depths:2 | Bought a scroll of teleportation for 48 gold pieces
 79324 | Depths:2 | Bought a scroll of fear for 56 gold pieces
 79324 | Depths:2 | Bought a scroll of teleportation for 48 gold pieces
 79324 | Depths:2 | Bought a scroll of fog for 32 gold pieces
 79334 | Depths:2 | Bought a scroll of teleportation for 57 gold pieces
 79334 | Depths:2 | Bought a scroll of summoning for 180 gold pieces
 79402 | Depths:2 | Learned a level 3 spell: Ozocubu's Armour
 79679 | Depths:2 | Identified the Disquisition on Toxic Calling
 79691 | Depths:2 | Found Qodihoe's Armour Boutique.
 79900 | Depths:2 | Found a one-way gate to the infinite horrors of the Abyss.
 79994 | Depths:2 | Reached skill level 1 in Translocations
 80972 | Depths:2 | Found a radiant altar of Vehumet.
 80972 | Depths:2 | Noticed Frederick
 80981 | Depths:2 | Killed Frederick
 80984 | Depths:2 | Reached XP level 26. HP: 170/195 MP: 23/38
 81286 | Depths:2 | Got a coiled sapphire amulet
 81287 | Depths:2 | Identified the amulet "Ocsuafup" {Spirit rPois MR+ Str+4} (You found it on level 2 of the Depths)
 81305 | Depths:2 | Identified the +0 large shield of Tatooryef {rCorr} (You acquired it on level 2 of the Depths)
 81855 | Vaults:5 | Killed Mara
 81860 | Vaults:5 | Reached skill level 10 in Earth Magic
 81932 | Vaults:5 | Found Umonih's Magic Scroll Shoppe.
 81943 | Vaults:5 | Bought a scroll of blinking for 165 gold pieces
 81943 | Vaults:5 | Bought a scroll of teleportation for 66 gold pieces
 81943 | Vaults:5 | Bought a scroll of fear for 77 gold pieces
 81943 | Vaults:5 | Bought a scroll of teleportation for 66 gold pieces
 82217 | Vaults:5 | Reached skill level 19 in Fighting
 82656 | Vaults:5 | Noticed Xtahua
 82677 | Vaults:5 | Killed Xtahua
 82747 | Vaults:5 | Got a silver rune of Zot
 83636 | Depths:3 | Identified the +1 large shield "Dasom" {Dex+4} (You found it on level 3 of the Depths)
 84129 | Depths:3 | Gained mutation: Your spells are a little easier to cast, but a little less powerful. [a shining eye]
 84142 | Depths:3 | Noticed the Enchantress
 84279 | Depths:2 | Lost mutation: You are partially covered in thin metallic scales. (AC +2) [potion of mutation]
 84279 | Depths:2 | Lost mutation: You occasionally shout uncontrollably at your foes. [potion of mutation]
 84279 | Depths:2 | Lost mutation: You are resistant to hostile enchantments. (MR+) [potion of mutation]
 84279 | Depths:2 | Gained mutation: Your flesh is heat resistant. (rF+) [potion of mutation]
 84279 | Depths:2 | Gained mutation: Your flesh is cold resistant. (rC+) [potion of mutation]
 84377 | Depths:3 | Reached XP level 27. HP: 205/205 MP: 13/39
 84531 | Depths:3 | Killed the Enchantress
 84716 | Depths:3 | Reached skill level 5 in Translocations
 84773 | Depths:3 | Reached skill level 20 in Fighting
 85353 | Depths:4 | Found a gateway to a ziggurat.
 85367 | Depths:4 | Noticed Boris
 85377 | Depths:4 | Killed Boris
 85555 | Depths:4 | Reached skill level 15 in Evocations
 86020 | Depths:4 | Found an ancient bone altar of Kikubaaqudgha.
 86182 | Depths:5 | Entered Level 5 of the Depths
 86315 | Depths:5 | Found a gate to the Realm of Zot.
 88059 | Depths:4 | Voluntarily entered the Abyss.
 88224 | Abyss:2  | Found a corrupted altar of Lugonu.
 88249 | Abyss:2  | Reached skill level 21 in Fighting
 88430 | Abyss:2  | Found a shimmering altar of Xom.
 88430 | Abyss:2  | Found a shimmering altar of Xom.
 88430 | Abyss:2  | Found a shimmering altar of Xom.
 88432 | Abyss:2  | Found a shimmering altar of Xom.
 88432 | Abyss:2  | Found a shimmering altar of Xom.
 88432 | Abyss:2  | Found a shimmering altar of Xom.
 88433 | Abyss:2  | Found a corrupted altar of Lugonu.
 88433 | Abyss:2  | Found a shimmering altar of Xom.
 88433 | Abyss:2  | Found a shimmering altar of Xom.
 88434 | Abyss:2  | Found a shimmering altar of Xom.
 88434 | Abyss:2  | Found a shimmering altar of Xom.
 88434 | Abyss:2  | Found a shimmering altar of Xom.
 88435 | Abyss:2  | Found a shimmering altar of Xom.
 88435 | Abyss:2  | Found a shimmering altar of Xom.
 88449 | Abyss:2  | Found a shimmering altar of Xom.
 88449 | Abyss:2  | Found a shimmering altar of Xom.
 88665 | Abyss:2  | Found a corrupted altar of Lugonu.
 88780 | Abyss:2  | Found a corrupted altar of Lugonu.
 88839 | Depths:4 | Escaped the Abyss
 89091 | Depths:4 | Voluntarily entered the Abyss.
 89614 | Abyss:2  | Found a corrupted altar of Lugonu.
 89956 | Abyss:3  | Reached skill level 1 in Transmutations
 90358 | Abyss:4  | Got an abyssal rune of Zot
 90454 | Abyss:5  | Entered Level 5 of the Abyss
 90590 | Depths:4 | Escaped the Abyss
 90734 | Zot:1    | Entered Level 1 of the Realm of Zot
 91063 | Depths:5 | Gained mutation: You are clumsy. (Dex -2) [mutagenic glow]
 91109 | Depths:5 | Gained mutation: You are very dopey. (Int -4) [mutagenic glow]
 91661 | Spider:2 | Lost mutation: Your spells are a little easier to cast, but a little less powerful. [potion of mutation]
 91661 | Spider:2 | Lost mutation: Your flesh is heat resistant. (rF+) [potion of mutation]
 91661 | Spider:2 | Gained mutation: You expend magic power (3 MP) to strengthen your wands. [potion of mutation]
 91661 | Spider:2 | Gained mutation: You evolve. [potion of mutation]
 94124 | Zot:2    | Reached skill level 5 in Transmutations
 94154 | Zot:1    | HP: 7/213 [death cob (10)]
 94155 | Zot:1    | Mangled by a death cob

Skill      XL: |  1  2  3  4  5  6  7  8  9 10 11 12 13 14 15 16 17 18 19 20 21 22 23 24 25 26 27 |
---------------+----------------------------------------------------------------------------------+-----
Stealth        | 1 2 3 4 5 6 7 8 9 10 11 13 14 16 17 20 | 20.1
Polearms       | 3 4 6 7 8 10 11 12 13 14 | 14.1
Dodging        | 3 4 5 6 7 8 9 10 12 13 14 15 16 17 18 19 | 19.4
Invocations    | 3 4 6 7 8 10 11 12 13 14 15 16 17 18 19 | 19.9
Fighting       | 4 5 6 7 8 9 10 11 12 13 14 15 16 17 18 19 21 | 21.9
Throwing       | 2 3 4 5 |  5.5
Shields        | 2 3 5 6 7 8 10 11 12 13 14 15 16 | 16.1
Evocations     | 1 2 5 7 9 10 11 12 13 14 16 | 16.1
Charms         | 2 4 5 6 7 8 9 10 11 | 11.6
Spellcasting   | 1 3 4 6 7 9 10 11 12 14 | 14.8
Hexes          | 1 |  1.0
Earth Magic    | 2 4 6 7 8 9 10 12 | 12.6
Translocations | 1 4 7 |  7.0
Transmutations | 5 |  5.0

Action                   |  1- 3 |  4- 6 |  7- 9 | 10-12 | 13-15 | 16-18 | 19-21 | 22-24 | 25-27 || total
-------------------------+-------+-------+-------+-------+-------+-------+-------+-------+-------++-------
Melee: Spear             |    77 |    53 |       |       |       |       |       |       |       ||   130
       Tentacles         |     9 |    20 |    62 |   145 |   262 |   276 |   315 |   378 |   503 ||  1970
       Constrict         |    11 |    40 |    60 |    59 |    95 |   206 |   194 |   193 |   193 ||  1051
       Trident           |       |   131 |   396 |   797 |  1304 |       |       |       |       ||  2628
       Kick              |       |       |       |   129 |   427 |   172 |       |       |       ||   728
       Unarmed           |       |       |       |       |     4 |       |       |       |       ||     4
       Demon trident     |       |       |       |       |     5 |  1590 |  1638 |  1131 |  1896 ||  6260
       Trishula          |       |       |       |       |       |       |       |   476 |       ||   476
 Fire: Blowgun           |       |       |    24 |    88 |   182 |    68 |       |       |       ||   362
Throw: Tomahawk          |       |       |     4 |    14 |    22 |    14 |       |       |       ||    54
       Throwing net      |       |       |       |       |       |       |     1 |       |       ||     1
       Javelin           |       |       |       |       |       |       |       |     4 |     2 ||     6
 Cast: Shroud of Golubri |       |       |       |       |    14 |    37 |    81 |    36 |    74 ||   242
       Infusion          |       |       |       |       |    13 |    58 |    89 |    44 |   112 ||   316
       Spectral Weapon   |       |       |       |       |    14 |    55 |    62 |    17 |    54 ||   202
       Song of Slaying   |       |       |       |       |     3 |     9 |    18 |    16 |    57 ||   103
       Regeneration      |       |       |       |       |     2 |    31 |    34 |    29 |    83 ||   179
       Swiftness         |       |       |       |       |       |     2 |     3 |     5 |    21 ||    31
       Stone Arrow       |       |       |       |       |       |     1 |       |       |       ||     1
       Ozocubu's Armour  |       |       |       |       |       |       |       |       |    63 ||    63
       Passage of Golubr |       |       |       |       |       |       |       |       |     1 ||     1
Invok: Bend Space        |       |       |    18 |    40 |    93 |    75 |    39 |     1 |     4 ||   270
       Banish            |       |       |     4 |     9 |     7 |    14 |     4 |       |    11 ||    49
 Abil: Evoke Blink       |       |       |       |       |       |       |     1 |       |       ||     1
       Evoke Berserk Rag |       |       |       |       |       |       |     1 |     5 |       ||     6
Evoke: Wand              |       |       |     2 |    19 |    50 |    16 |     2 |       |     2 ||    91
       Phantom mirror    |       |       |       |       |     1 |       |       |       |     1 ||     2
       Lamp of fire      |       |       |       |       |       |     1 |     5 |     2 |     5 ||    13
       Sack of spiders   |       |       |       |       |       |       |       |     1 |       ||     1
  Use: Scroll            |       |     5 |     1 |     8 |    10 |    18 |    29 |     7 |    21 ||    99
       Potion            |       |       |     5 |     3 |     2 |    14 |     5 |     5 |    15 ||    49
 Stab: Sleeping          |    11 |     7 |    15 |    15 |    15 |    10 |    27 |    43 |    30 ||   173
       Distracted        |       |       |     3 |     2 |     5 |    11 |    13 |    15 |    15 ||    64
       Paralysed         |       |       |       |     4 |    11 |     2 |       |       |       ||    17
       Invisible         |       |       |       |       |       |     1 |       |       |       ||     1
       Confused          |       |       |       |       |       |       |       |       |     1 ||     1
  Eat: Chunk             |       |     7 |    15 |    21 |    33 |    42 |    32 |    33 |    35 ||   218
       Ration            |       |       |       |     2 |     3 |     6 |    13 |     6 |    12 ||    42
Armor: Skin              |     2 |     3 |    30 |    95 |   123 |   206 |   129 |    80 |   149 ||   817
Dodge: Dodged            |    25 |    99 |   165 |   333 |   483 |   800 |   605 |   561 |   830 ||  3901
Block: Shield            |       |       |    39 |   255 |   454 |   989 |   889 |   804 |   986 ||  4416
       Reflection        |       |       |       |       |       |     4 |    78 |    82 |   128 ||   292
